 Dungeon Crawl Stone Soup version 0.31.0-32-g396128a36d (webtiles) character file.

Game seed: 5807654776129063808

1990 MiniTore the Fighter (level 9, -5/124 HPs)
             Began as a Minotaur Berserker on Mar 26, 2024.
             Was an Elder of Trog.
             Slain by an orc warrior
             ... wielding a +0 trident
              (15 damage)
             ... in a bailey.
             The game lasted 00:19:35 (5468 turns).

MiniTore the Fighter (Minotaur Berserker)           Turns: 5468, Time: 00:19:36

Health: -5/124     AC: 20    Str: 25    XL:     9   Next: 1%
Magic:  8/8        EV:  7    Int:  4    God:    Trog [****..]
Gold:   417        SH:  9    Dex: 11    Spells: 8/8 levels left

rFire   . . .        I - +4 war axe
rCold   . . .        j - +0 kite shield
rNeg    . . .        K - +0 plate armour
rPois   .            (helmet restricted)
rElec   .            B - +0 cloak
rCorr   .            r - +0 pair of gloves {Stlth+}
SInv    .            (no boots)
Will    +....        (no amulet) Stlth
                     f - ring of willpower
HPRegen 0.40/turn    A - +4 ring of protection
MPRegen 0.11/turn

%: no passive effects
@: berserking, very quick
A: horns 2, retaliatory headbutt
a: Renounce Religion, Berserk, Trog's Hand, Brothers in Arms


You were in a bailey.
You worshipped Trog.
Trog was greatly pleased with you.
You visited 1 branch of the dungeon, and saw 7 of its levels.
You also visited: Sewer and Bailey.

You collected 417 gold pieces.

Inventory:

Hand Weapons
 l - a +5 spear
 H - a +1 halberd of freezing
 I - a +4 war axe (weapon)
Missiles
 D - 6 silver javelins (quivered)
Armour
 g - an orb of mayhem
 j - a +0 kite shield (worn)
 r - a +0 pair of gloves of stealth (worn)
 B - a +0 cloak (worn)
 K - a +0 plate armour (worn)
Jewellery
 f - a ring of willpower (left hand)
 A - a +4 ring of protection (right hand)
Wands
 a - a wand of digging (5)
Scrolls
 d - 3 scrolls of blinking
 e - 4 scrolls of vulnerability
 i - a scroll of fog
 k - a scroll of revelation {unknown}
 p - a scroll of enchant armour {unknown}
 q - a scroll of enchant weapon
 s - 2 scrolls of immolation
 u - a scroll of poison {unknown}
 x - a scroll of noise {unknown}
 y - a scroll of brand weapon {unknown}
 z - 2 scrolls of fear
 C - a scroll of torment {unknown}
Potions
 b - a potion of resistance {unknown}
 c - 3 potions of curing
 h - 6 potions of heal wounds
 m - 7 potions of enlightenment
 n - a potion of magic {unknown}
 o - 2 potions of might {unknown}
 t - 4 potions of mutation {unknown}
 v - 2 potions of brilliance {unknown}
 E - 3 potions of haste
 J - 3 potions of cancellation {unknown}


   Skills:
 - Level 9.3 Fighting
 + Level 4.7(5.1) Axes
 - Level 2.6(4.0) Polearms
 - Level 8.2 Armour
 + Level 4.0 Dodging
 - Level 5.3 Shields


You had 8 spell levels left.
You didn't know any spells.
Your spell library was empty.

Dungeon Overview and Level Annotations

Branches:
Dungeon (7/15)              Sewer (visited)          Bailey (1/1)
 Temple: D:4-7

Altars:


Innate Abilities, Weirdness & Mutations

You have a pair of horns on your head.
You reflexively headbutt those who attack you in melee.


Message History

The orc knight hits you with a +0 halberd.
You slice the orc warrior!!
You kill the orc warrior!
Trog accepts your kill.
You hit the orc knight. You slash the orc warrior! You block the orc's attack.
You block the orc warrior's attack.
The orc warrior hits you with a +0 trident!
You block the orc knight's attack.
You slash the orc knight!
You headbutt the orc knight, but do no damage.
The orc knight is moderately wounded.
You closely miss the orc knight. You hit the orc warrior.
You block the orc's attack. You block the orc warrior's attack.
The orc warrior hits you with a +0 trident!
The orc knight hits you with a +0 halberd! x2
* * * LOW HITPOINT WARNING * * *
You hit the orc knight but do no damage.
You headbutt the orc knight!
The orc knight is heavily wounded.
You slash the orc knight! You slash the orc warrior!
You kill the orc warrior!
Trog accepts your kill.
The orc knight no longer looks unusually strong.
The orc knight is no longer blind.
The orc barely misses you.
The orc warrior hits you from afar with a +0 trident!!
* * * LOW HITPOINT WARNING * * *
The orc knight completely misses you. You furiously retaliate!
You headbutt the orc knight. You block the orc knight's attack.
Your Dodging skill increases to level 4!
You have reached level 9!
Your experience leads to an increase in your attributes!
Increase (S)trength, (I)ntelligence, or (D)exterity?
You feel stronger. x2
You hit the orc knight but do no damage.
The orc knight is heavily wounded.
You barely miss the orc knight.
The orc no longer looks unusually strong.
You block the orc's attack.
The orc warrior hits you from afar with a +0 trident!
You die...

####### ######
##.....#########§....#
###).)....#..§§§#§§§)..
..#).##...'..§§§o§o#...
..)[[8....'..§§§@§o§o..
..#..##...'...§§o§§#...
###.......#...§§#§§....
##.....#########.....#
####### ######


You could see 2 orc knights, an orc warrior (strong) and an orc.

Vanquished Creatures
  The ghost of jimmypageman the Shield-Bearer, an amateur GrFi of Okawaru (D:4)
  The ghost of spaghetti the Slasher, an amateur DEBe of Trog (D:4)
  5 orc warriors (Bailey)
  A phantom (D:4)
  Blork the orc (D:4)
  2 bullfrogs
  A kobold brigand (Sewer)
  A gnoll sergeant (D:7)
  A howler monkey (D:5)
  3 hounds
  A jelly (D:3)
  5 orc priests
  A sleepcap (D:7)
  A gnoll bouda (D:7)
  2 iguanas
  Natasha (twice) (D:3)
  4 orc wizards (D:7)
  The ghost of flammie80 the Trooper, a weakling FoMo (D:4)
  The ghost of flammie80 the Trooper, a weakling FoMo (D:4)
  10 gnolls
  3 adders
  A river rat (Sewer)
  4 ribbon worms
  The ghost of flammie80 the Trooper, a weakling FoMo (D:4)
  2 dart slugs
  27 orcs
  12 ball pythons
  4 endoplasms
  2 giant cockroaches
  13 goblins
  4 hobgoblins
  5 jackals
  A quokka (D:1)
  2 bats
  5 frilled lizards
  11 kobolds
  9 rats
151 creatures vanquished.

Vanquished Creatures (collateral kills)
  An orc warrior (Bailey)
  6 orcs (Bailey)
7 creatures vanquished.

Vanquished Creatures (others)
  5 orcs (Bailey)
5 creatures vanquished.

Grand Total: 163 creatures vanquished

Notes
Turn   | Place    | Note
-------+----------+-------------------------------------------
     0 | D:1      | MiniTore the Minotaur Berserker began the quest for the
                  | Orb.
     0 | D:1      | Reached XP level 1. HP: 19/19 MP: 0/0
    11 | D:1      | Reached skill level 4 in Fighting
   254 | D:1      | Reached XP level 2. HP: 22/28 MP: 1/1
   478 | D:1      | Reached skill level 5 in Fighting
   655 | D:1      | Reached ** piety under Trog
   656 | D:1      | Reached XP level 3. HP: 31/36 MP: 2/2
  1065 | D:3      | Reached XP level 4. HP: 35/42 MP: 3/3
  1147 | D:3      | Noticed Natasha
  1154 | D:3      | Killed Natasha
  1156 | D:3      | Found a glowing drain.
  1156 | D:3      | You fall into a shaft and drop 1 floor!
  1212 | D:4      | Noticed a phantom
  1227 | D:4      | Killed a phantom
  1228 | D:4      | Reached XP level 5. HP: 37/49 MP: 4/4
  1336 | Sewer    | Entered a sewer
  1427 | Sewer    | Reached skill level 5 in Shields
  1427 | Sewer    | Reached XP level 6. HP: 21/57 MP: 5/5
  1563 | Sewer    | Found a white marble altar of Elyvilon.
  1731 | D:3      | Noticed Natasha
  1734 | D:3      | Killed Natasha
  1735 | D:3      | Reached skill level 6 in Fighting
  2329 | D:2      | Reached *** piety under Trog
  2524 | D:2      | You fall into a shaft and drop 2 floors!
  2956 | D:4      | Noticed Blork the orc
  2965 | D:4      | Killed Blork the orc
  3090 | D:4      | Found a runed translucent gate.
  3090 | D:4      | Found a runed translucent gate.
  3090 | D:4      | Found a runed translucent gate.
  3091 | D:4      | Noticed flammie80's ghost (weakling FoMo)
  3091 | D:4      | Noticed flammie80's ghost (weakling FoMo)
  3091 | D:4      | Noticed jimmypageman's ghost (amateur GrFi)
  3091 | D:4      | Noticed spaghetti's ghost (amateur DEBe)
  3093 | D:4      | Noticed flammie80's ghost (weakling FoMo)
  3105 | D:4      | Killed jimmypageman's ghost
  3106 | D:4      | Reached skill level 5 in Armour
  3106 | D:4      | Reached XP level 7. HP: 63/63 MP: 6/6
  3108 | D:4      | Killed flammie80's ghost
  3112 | D:4      | Killed flammie80's ghost
  3114 | D:4      | Killed flammie80's ghost
  3115 | D:4      | Killed spaghetti's ghost
  3327 | D:5      | Entered Level 5 of the Dungeon
  4872 | D:7      | Reached XP level 8. HP: 71/71 MP: 7/7
  4881 | D:7      | Reached skill level 7 in Fighting
  4942 | D:7      | Reached **** piety under Trog
  4948 | D:7      | Reached skill level 8 in Fighting
  5011 | D:7      | Found a flagged portal.
  5046 | Bailey   | Entered a bailey
  5278 | Bailey   | Reached skill level 9 in Fighting
  5350 | Bailey   | Reached skill level 1 in Polearms
  5449 | Bailey   | Noticed an orc knight
  5450 | Bailey   | Noticed an orc knight
  5468 | Bailey   | Reached XP level 9. HP: 10/83 MP: 8/8
  5468 | Bailey   | Slain by an orc warrior

Illustrated notes

Levels and vault maps discovered:
D:1:      lightli_arrival_chessboard, layout_basic,
          shapermc_ecumenical_altar_petra, chequers_serial_rivers_micro_b
D:2:      layout_basic, minmay_nonomino_d4
D:3:      layout_loops_ring, cheibrodos_sewer_entry_bend, uniq_natasha
D:4:      layout_basic, gammafunk_ghost_cemetery, uniq_blork_the_orc
D:5:      cheibrodos_quashed, layout_basic
D:6:      layout_loops_cross, nicolae_qazlal_general_emergency,
          minmay_temple_entry_ruins, dk_noncrumbling_4
D:7:      layout_cave_pools, enter_bailey_2, uniq_crazy_yiuf_cottage
Bailey:   bailey_polearm_5, bailey

Skill      XL: |  1  2  3  4  5  6  7  8 |
---------------+-------------------------+-----
Fighting       | 4 5 6 9 |  9.3
Shields        | 2 4 5 |  5.3
Axes           | 4 |  4.7
Armour         | 5 8 |  8.2
Polearms       | 2 |  2.6
Dodging        | 4 |  4.0

Action                     |  1- 3 |  4- 6 |  7- 9 || total
---------------------------+-------+-------+-------++-------
  Melee: Hand axe          |    74 |   121 |   101 ||   296
         Headbutt          |     7 |    17 |    26 ||    50
         Spear             |       |       |    68 ||    68
         War axe           |       |       |     7 ||     7
  Throw: Dart              |       |       |     1 ||     1
 Invoke: Berserk           |     1 |     1 |     3 ||     5
         Trog's Hand       |       |     1 |       ||     1
  Evoke: Wand              |       |       |    13 ||    13
    Use: Scroll            |     5 |       |     5 ||    10
   Stab: Sleeping          |     1 |     1 |       ||     2
 Armour: Animal skin       |    55 |    35 |       ||    90
         Scale mail        |       |    21 |   137 ||   158
         Plate armour      |       |       |    14 ||    14
  Dodge: Dodged            |    66 |    40 |    77 ||   183
  Block: Kite shield       |     1 |    38 |   118 ||   157
